 Dungeon Crawl Stone Soup version 0.29-a0-321-gf1c400731a (webtiles) character file.

Game seed: 11151313124004209080

6228 experimilk the Grappler (level 10, -4/92 HPs)
             Began as a Grey Draconian Transmuter on Apr 3, 2022.
             Was a Believer of Wu Jian.
             Slain by a death knight
             ... wielding a +0 great mace
              (35 damage)
             ... on level 8 of the Dungeon.
             The game lasted 00:32:40 (9616 turns).

experimilk the Grappler (Grey Draconian Transmuter) Turns: 9616, Time: 00:32:41

Health: -4/92      AC:  7    Str: 20    XL:     10   Next: 61%
Magic:  11/14      EV: 15    Int: 17    God:    Wu Jian [**....]
Gold:   186        SH:  0    Dex: 11    Spells: 0/15 levels left

rFire   x . .      SeeInvis .     - Unarmed
rCold   + + +      Faith    .   (shield currently unavailable)
rNeg    . . .      Spirit   .   (body armour unavailable)
rPois   +          Reflect  .   (helmet currently unavailable)
rElec   .          Harm     .   (cloak currently unavailable)
rCorr   .          Rampage  .   (gloves currently unavailable)
Will    .....                   (boots currently unavailable)
Stlth   +.........              r - amulet of regeneration
HPRegen 1.05/turn               t - +4 ring of evasion
MPRegen 0.14/turn               C - +6 ring of strength

@: about to teleport, ice-form
A: freezing attack, boosted hp, AC +12, amphibious, large, unfitting armour,
(cold-blooded)
a: End Transformation, Renounce Religion, Wall Jump


You were on level 8 of the Dungeon.
You worshipped Wu Jian.
Wu Jian was pleased with you.
You were a creature of crystalline ice.
You visited 1 branch of the dungeon, and saw 9 of its levels.

You collected 426 gold pieces.
You spent 240 gold pieces at shops.

Inventory:

Armour
 D - an orb of light (melded)
Magical Staves
 b - a staff of earth
Jewellery
 r - an amulet of regeneration (around neck)
 t - a +4 ring of evasion (left front paw)
 A - a ring of see invisible
 C - a +6 ring of strength (right front paw)
 F - a ring of ice
Wands
 n - a wand of iceblast (3)
 s - a wand of polymorph (18)
 x - a wand of flame (33)
 y - a wand of paralysis (14)
Scrolls
 c - a scroll of noise {unknown}
 d - 3 scrolls of fear {unknown}
 e - 2 scrolls of blinking
 f - 4 scrolls of fog
 l - a scroll of enchant weapon
 m - a scroll of silence {unknown}
 q - a scroll of vulnerability {unknown}
 u - a scroll of amnesia {unknown}
 v - a scroll of immolation {unknown}
 w - a scroll of holy word {unknown}
Potions
 a - 4 potions of lignification
 g - a potion of brilliance
 h - 4 potions of cancellation
 i - 4 potions of curing
 j - 2 potions of might {unknown}
 k - 5 potions of haste
 o - a potion of ambrosia {unknown}
 z - 2 potions of attraction {unknown}
 B - a potion of degeneration {unknown}
 E - a potion of magic {unknown}


   Skills:
 - Level 3.0 Fighting
 + Level 5.7 Dodging
 * Level 11.6 Unarmed Combat
 - Level 3.0 Spellcasting
 - Level 9.0 Transmutations
 - Level 3.0 Poison Magic


You couldn't memorise any spells.
You knew the following spells:

 Your Spells              Type           Power      Damage    Failure   Level
a - Beastly Appendage     Tmut           66%        N/A       1%          1
b - Spider Form           Tmut/Pois      22%        N/A       4%          3
c - Alistair's Intoxicat  Tmut/Pois      14%        N/A       38%         5
q - Ice Form              Ice/Tmut       17%        N/A       26%         4
z - Wereblood             Tmut           33%        N/A       1%          2

Your spell library contained the following spells:

 Spells                   Type           Power      Damage    Failure   Level
 Apportation              Tloc           4%         N/A       17%         1


Dungeon Overview and Level Annotations

Branches:
Dungeon (9/15)             Temple (0/1) D:4
   Lair: D:8-11         Orc: D:9-12

Altars:
Hepliaklqana
Makhleb
Vehumet
Wu Jian

Shops:
D:7 ((=(::   D:9 :

Annotations:
D:2 1 runed translucent door, Crazy Yiuf


Innate Abilities, Weirdness & Mutations

You are a creature of crystalline ice.
You have a powerful freezing melee attack.
Your maximum health is increased.
Your armour is entirely melded.
You are incapable of wielding weapons or throwing items.
((Your dull iron-grey scales are very hard. (AC +12)))
You are amphibious.
You cannot fit into any form of body armour.
((You are cold-blooded and may be slowed by cold attacks.))


Message History

The troll bites you. The troll claws you but does no damage.
The troll barely misses you.
The death knight shouts!
You pummel the troll!! You freeze the troll.
You kill the troll!
The Council accepts your kill.
You hear a shout! x2
You warm up again.
Your orb of light unmelds from your body.
Items here: )) [[[ ††.
You start resting.
HP restored.
You start waiting.
A death knight is nearby!
Casting: Ice Form (dangerous; 26% risk of failure)
Press: ? - help, Q - select action, (/) - cycle Dir - look around, f - activate You turn into a creature of crystalline ice.
Your orb of light melds into your body.
The death knight hits you with a +0 great mace!
You barely miss the death knight. You completely miss the death knight.
The death knight barely misses you.
You pummel the death knight!! You freeze the death knight.
The death knight is moderately wounded.
The death knight hits you with a +0 great mace!!
You hit the death knight but do no damage.
The death knight is moderately wounded.
The death knight closely misses you.
You hit the death knight but do no damage.
The death knight is moderately wounded.
The death knight hits you with a +0 great mace!!
You hit the death knight. You freeze the death knight.
The death knight is moderately wounded.
As you read the scroll of teleportation, it crumbles to dust.
You feel strangely unstable. The death knight barely misses you.
You hit the death knight but do no damage.
The death knight is moderately wounded.
The death knight closely misses you.
You punch the death knight! You freeze the death knight.
The death knight is heavily wounded.
The death knight hits you with a +0 great mace!!
You die...

#.......# ##
#.......# .###
#.......# ...###
#.......# .##..##
.##.......#
##.#..###...#####.##
#.###..###...###..#
#.# #.#..###...##.#
..# #.###p.###.Y..#
T### #.. ###..###p.#
H #.# ###.[...# #.#
####.(# #.# ###....#
#.# ###......#
###......###
###......###
##......###


You could see a death knight.

Vanquished Creatures
  A centaur warrior (D:8)
  Erica (D:9)
  Joseph (D:7)
  5 trolls
  Grinder (D:6)
  5 yaks
  A wraith (D:9)
  Menkaure (D:5)
  A water moccasin (D:7)
  An acid dragon (D:8)
  4 sky beasts
  An ice beast (D:5)
  A black bear (D:5)
  2 ogres
  2 centaurs
  A phantom (D:7)
  Blork the orc (D:4)
  3 bullfrogs
  A necrophage (D:6)
  5 scorpions
  2 howler monkeys (D:5)
  2 jellies
  A gnoll shaman (D:9)
  3 orc priests
  A hound (D:6)
  3 iguanas
  Terence (D:2)
  6 orc wizards
  7 adders
  4 gnolls (D:9)
  2 shadow imps
  A white imp (D:5)
  An ufetubus (D:6)
  A worm (D:2)
  4 dart slugs
  22 orcs
  3 ball pythons
  2 endoplasms
  3 giant cockroaches
  6 hobgoblins
  3 jackals (D:5)
  7 kobolds
  2 quokkas
  5 bats
  2 frilled lizards
  4 goblins
  2 rats
139 creatures vanquished.

Vanquished Creatures (others)
  2 plants (D:3)
2 creatures vanquished.

Grand Total: 141 creatures vanquished

Notes
Turn   | Place    | Note
-------+----------+-------------------------------------------
     0 | D:1      | experimilk the Draconian Transmuter began the quest for the
                  | Orb.
     0 | D:1      | Reached XP level 1. HP: 16/16 MP: 3/3
   236 | D:1      | Reached XP level 2. HP: 21/23 MP: 3/5
   412 | D:1      | Learned a level 2 spell: Wereblood
   857 | D:2      | Identified the +10 mace of Disorder {vorpal, rF+}
  1001 | D:2      | Reached XP level 3. HP: 12/28 MP: 4/6
  1218 | D:2      | Noticed Terence
  1230 | D:2      | Killed Terence
  1231 | D:2      | Reached skill level 4 in Unarmed Combat
  1473 | D:2      | Learned a level 3 spell: Spider Form
  1664 | D:2      | Reached XP level 4. HP: 27/35 MP: 5/7
  1933 | D:2      | Found a runed translucent door.
  1934 | D:2      | Noticed Crazy Yiuf
  2446 | D:3      | Found an ornate altar of the Wu Jian Council.
  2454 | D:3      | Became a worshipper of the Wu Jian Council
  2966 | D:4      | Reached skill level 5 in Unarmed Combat
  3006 | D:4      | Noticed a bullfrog
  3014 | D:4      | Killed a bullfrog
  3015 | D:4      | Reached XP level 5. HP: 23/40 MP: 0/8
  3182 | D:4      | Found a burning altar of Makhleb.
  3209 | D:4      | Found a staircase to the Ecumenical Temple.
  3383 | D:4      | Reached skill level 6 in Unarmed Combat
  3392 | D:4      | Found a faded altar of an unknown god.
  3393 | D:4      | Found a hazy altar of Hepliaklqana.
  3433 | D:4      | Noticed Blork the orc
  3459 | D:4      | Killed Blork the orc
  3460 | D:4      | Reached XP level 6. HP: 22/47 MP: 4/9
  3563 | D:5      | Entered Level 5 of the Dungeon
  3594 | D:5      | Noticed Menkaure
  3597 | D:5      | Noticed a sky beast
  4793 | D:4      | Your scales start taking on a dull iron-grey colour.
  4793 | D:4      | Reached XP level 7. HP: 10/52 MP: 8/10
  4942 | D:4      | Learned a level 4 spell: Ice Form
  4981 | D:5      | Found a radiant altar of Vehumet.
  5123 | D:5      | Reached * piety under Wu Jian
  5147 | D:5      | Killed Menkaure
  5148 | D:5      | Reached skill level 7 in Unarmed Combat
  5148 | D:5      | Reached skill level 5 in Transmutations
  5766 | D:6      | Reached XP level 8. HP: 59/59 MP: 8/12
  5970 | D:6      | Noticed Grinder
  6004 | D:6      | Paralysed by Grinder for 5 turns
  6021 | D:6      | Killed Grinder
  6022 | D:6      | Reached skill level 8 in Unarmed Combat
  6211 | D:6      | Reached skill level 9 in Unarmed Combat
  6911 | D:6      | Reached ** piety under Wu Jian
  7053 | D:7      | Found Pumnorph's Jewellery Shop.
  7058 | D:7      | Reached XP level 9. HP: 67/67 MP: 9/13
  7089 | D:7      | Bought a ring of see invisible for 240 gold pieces
  7108 | D:7      | Found Roupn's Antique Weapon Shop.
  7204 | D:7      | Found Belaymig's Weapon Shoppe.
  7279 | D:7      | Found Midaw's Weapon Shoppe.
  7318 | D:7      | Noticed Joseph
  7345 | D:7      | Killed Joseph
  7981 | D:7      | Found Rami's Self-Improvement Boutique.
  8052 | D:7      | You fall into a shaft and drop 2 floors!
  8052 | D:9      | Found Naqoi's Book Shop.
  8064 | D:9      | Reached skill level 10 in Unarmed Combat
  8230 | D:9      | Noticed Erica
  8246 | D:9      | Killed Erica
  8279 | D:9      | Noticed a troll
  8285 | D:9      | Killed a troll
  8387 | D:9      | Reached XP level 10. HP: 70/77 MP: 7/14
  8538 | D:7      | Found Doang's Book Emporium.
  8835 | D:7      | Reached skill level 5 in Dodging
  8991 | D:7      | Learned a level 5 spell: Alistair's Intoxication
  9154 | D:8      | Reached skill level 11 in Unarmed Combat
  9309 | D:8      | Reached skill level 1 in Poison Magic
  9380 | D:8      | Noticed a harpy
  9443 | D:8      | Identified the +1 double sword "Bingo" {freeze, Str-4
                  | Dex+9}
  9443 | D:8      | Identified the +0 robe of the Sharing Gods {rPois rC+
                  | rCorr}
  9443 | D:8      | Noticed a centaur warrior
  9494 | D:8      | Killed a centaur warrior
  9598 | D:8      | Noticed a death knight
  9616 | D:8      | Slain by a death knight

Illustrated notes

Levels and vault maps discovered:
D:1:      ebering_trefoil_3fold, layout_basic
D:2:      layout_loops_cross, uniq_crazy_yiuf_cottage, uniq_terence
D:3:      layout_loops_ring, lemuel_round_altar, chequers_big_river
D:4:      layout_cave_pools, mainiacjoe_overflow_tiny_flanked,
          beargit_hepliaklqana_dungeon_heroes, minmay_temple_entry_sparse_star,
          serial_bayou_crossing, uniq_blork_the_orc
D:5:      layout_rooms, general_overflow_altar, uniq_menkaure
D:6:      layout_gridville, uniq_grinder
D:7:      layout_basic, serial_shops, shop_fountains, shop,
          nicolae_stop_n_shop_2, nicolae_stop_n_shop_1, nicolae_lakefront_shop,
          nicolae_concentric_dashed_squares_wild, nicolae_shop_self_help,
          uniq_joseph
D:8:      minmay_the_grid_triangle_9x9_recursive_2
          [minmay_the_grid_triangle_9x9_prize_center,
          minmay_the_grid_triangle_9x9_warning,
          minmay_the_grid_triangle_9x9_zippers_horizontal,
          minmay_the_grid_triangle_9x9_cache], layout_basic
D:9:      layout_basic, chequers_temple_overflow_minitemple, serial_shops, shop,
          uniq_erica

Skill      XL: |  1  2  3  4  5  6  7  8  9 10 |
---------------+-------------------------------+-----
Unarmed Combat | 4 5 6 7 9 10 11 | 11.6
Transmutations | 3 4 5 6 8 9 |  9.0
Dodging        | 2 3 4 5 |  5.7
Spellcasting   | 3 |  3.0
Fighting       | 2 3 |  3.0
Poison Magic   | 3 |  3.0

Action                   |  1- 3 |  4- 6 |  7- 9 | 10-12 || total
-------------------------+-------+-------+-------+-------++-------
Melee: Unarmed           |    88 |    96 |   243 |    47 ||   474
       Kick              |    22 |    13 |    15 |       ||    50
       Tailslap          |    10 |     7 |    16 |       ||    33
       Headbutt          |     7 |     8 |     7 |       ||    22
       Punch             |     2 |     2 |     2 |       ||     6
 Cast: Beastly Appendage |    18 |    22 |     8 |       ||    48
       Wereblood         |     2 |       |     7 |       ||     9
       Spider Form       |       |     6 |    21 |     1 ||    28
       Ice Form          |       |       |     1 |     8 ||     9
Invok: Lunge             |       |     6 |    14 |     2 ||    22
       Whirlwind         |       |       |     5 |       ||     5
 Abil: End Transformatio |       |       |     1 |       ||     1
Evoke: Wand              |       |       |     1 |       ||     1
  Use: Scroll            |       |     6 |     5 |     2 ||    13
       Potion            |       |       |     5 |       ||     5
 Stab: Sleeping          |     1 |     1 |       |       ||     2
Armor: Skin              |    13 |    28 |    40 |    14 ||    95
Dodge: Dodged            |    40 |    56 |   190 |    32 ||   318

Table legend: (Time is in decaauts)
 A = Elapsed time spent in this place.
 B = Non-inter-level travel time spent in this place.
 C = Inter-level travel time spent in this place.
 D = Time resting spent in this place.
 E = Time spent auto-exploring this place.
 F = Levels seen in this place.
 G = Mean time per level.
                   A        B        C        D        E       F      G
               +--------+--------+--------+--------+--------+-----+--------+
         Total |   9589 |   9400 |    189 |   4317 |   2407 |   9 | 1065.4 |
       Dungeon |   9589 |   9400 |    189 |   4317 |   2407 |   9 | 1065.4 |
               +--------+--------+--------+--------+--------+-----+--------+

Top non-repeatable levels by time:
     D:4: 1930 daAuts
     D:7: 1654 daAuts
     D:2: 1269 daAuts
     D:5: 1155 daAuts
     D:6: 1045 daAuts
     D:3: 849 daAuts
     D:1: 796 daAuts
     D:8: 479 daAuts
     D:9: 407 daAuts
